ESL (28 & UNDER)
WILMINGTON REBELS @ KINGSTON IGUANAS
09/14/2030
 
TOP OF THE 1ST
Wilmington Rebels batting - Pitching for Kingston Iguanas : RHP Edwin Manning
Pitching: RHP Edwin Manning
Batting: LHB Larry Smith 0-0: Ball
1-0: Fly out, F7 (Flyball, 7LS)
Batting: RHB Pedro Zavala 0-0: Ball
1-0: Ball
2-0: DOUBLE (Line Drive, 78D)
Batting: LHB António Gutiérrez 0-0: Foul Ball, location: 2F
0-1: Ground out 4-3 (Groundball, 34)
Pedro Zavala to third
Batting: LHB Guillermo Santos 0-0: Ball
1-0: Called Strike
1-1: Ball
2-1: Foul Ball, location: 2F
2-2: Strikes out looking
Top of the 1st over - 0 runs, 1 hit, 0 errors, 1 left on base; Wilmington 0 - Kingston 0
BOTTOM OF THE 1ST
Kingston Iguanas batting - Pitching for Wilmington Rebels : LHP Tomás Prieto
Pitching: LHP Tomás Prieto
Batting: RHB Ron Campbell 0-0: Called Strike
0-1: Ball
1-1: SINGLE (Groundball, 6D)
Batting: LHB Henry Durham 0-0: Ball
1-0: Ball
2-0: Foul Ball, location: 2F
2-1: Called Strike
2-2: Ground out 6-3 (Groundball, 6S)
Ron Campbell to second
Batting: RHB Bob Lee 0-0: Called Strike
0-1: Fly out, F9 (Flyball, 9)
Batting: LHB Gustavo Gómez 0-0: Ball
1-0: SINGLE (Line Drive, 8LS)
Ron Campbell to third
Runner from 3rd tries for Home, SAFE, throw made home
Batting: RHB Francisco Martínez 0-0: Ball
1-0: Ball
2-0: Swinging Strike
2-1: Foul Ball, location: 2F
2-2: Strikes out swinging
Bottom of the 1st over - 1 run, 2 hits, 0 errors, 1 left on base; Wilmington 0 - Kingston 1
TOP OF THE 2ND
Wilmington Rebels batting - Pitching for Kingston Iguanas : RHP Edwin Manning
Batting: RHB Guillermo González 0-0: Called Strike
0-1: Foul Ball, location: 2F
0-2: Ball
1-2: Ball
2-2: Ball
3-2: SINGLE (Flyball, 89S)
Batting: LHB Ivan Costello 0-0: Ball
1-0: Ball
2-0: Ball
3-0: Base on Balls
Guillermo González to second
Batting: LHB Seth Sullivan 0-0: Ball
1-0: Ball
2-0: Called Strike
2-1: Grounds into double play, 6-4-3 (Groundball, 6M)
Guillermo González to third
Batting: LHB Alberto Castellanos 0-0: Foul Ball, location: 2F
0-1: Foul Ball, location: 2F
0-2: Ball
1-2: Fly out, F2 (Popup, 25F)
Top of the 2nd over - 0 runs, 1 hit, 0 errors, 1 left on base; Wilmington 0 - Kingston 1
BOTTOM OF THE 2ND
Kingston Iguanas batting - Pitching for Wilmington Rebels : LHP Tomás Prieto
Batting: RHB Andrés Bustamante 0-0: Ball
1-0: Called Strike
1-1: Swinging Strike
1-2: Ball
2-2: Strikes out looking
Batting: RHB Sergio Mata 0-0: Called Strike
0-1: Foul Ball, location: 2F
0-2: Strikes out looking
Batting: RHB Manuel Gómez 0-0: Foul Ball, location: 2F
0-1: Ball
1-1: Swinging Strike
1-2: Ball
2-2: Ball
3-2: Foul Ball, location: 2F
3-2: Foul Ball, location: 2F
3-2: Fly out, F9 (Flyball, 9LM)
Bottom of the 2nd over - 0 runs, 0 hits, 0 errors, 0 left on base; Wilmington 0 - Kingston 1
TOP OF THE 3RD
Wilmington Rebels batting - Pitching for Kingston Iguanas : RHP Edwin Manning
Batting: RHB Rick Holman 0-0: Swinging Strike
0-1: Called Strike
0-2: Foul Ball, location: 2F
0-2: Ground out 5-3 (Groundball, 56)
Batting: LHB Larry Smith 0-0: Ball
1-0: Ball
2-0: Swinging Strike
2-1: Foul Ball, location: 2F
2-2: Strikes out swinging
Batting: RHB Pedro Zavala 0-0: Swinging Strike
0-1: Fly out, F7 (Flyball, 78XD)
Top of the 3rd over - 0 runs, 0 hits, 0 errors, 0 left on base; Wilmington 0 - Kingston 1
BOTTOM OF THE 3RD
Kingston Iguanas batting - Pitching for Wilmington Rebels : LHP Tomás Prieto
Batting: RHB Argan Kamuliva 0-0: Ball
1-0: Swinging Strike
1-1: Swinging Strike
1-2: Foul Ball, location: 2F
1-2: Foul Ball, location: 2F
1-2: Ground out U3 (Groundball, 34)
Batting: RHB Ron Campbell 0-0: Called Strike
0-1: Ball
1-1: Foul Ball, location: 2F
1-2: Foul Ball, location: 2F
1-2: Ball
2-2: SINGLE (Groundball, 56) (infield hit)
Batting: LHB Henry Durham Pickoff Throw to First - Error! E1
Ron Campbell to second
0-0: Swinging Strike
0-1: Ball
1-1: Ball
2-1: Fly out, F9 (Line Drive, 9)
Batting: RHB Bob Lee 0-0: Swinging Strike
0-1: Ball
1-1: Ball
2-1: Fly out, F8 (Flyball, 8LM)
Bottom of the 3rd over - 0 runs, 1 hit, 1 error, 1 left on base; Wilmington 0 - Kingston 1
TOP OF THE 4TH
Wilmington Rebels batting - Pitching for Kingston Iguanas : RHP Edwin Manning
Batting: LHB António Gutiérrez 0-0: Foul Ball, location: 2F
0-1: Ball
1-1: Called Strike
1-2: SINGLE (Line Drive, 8RS)
Batting: LHB Guillermo Santos 0-0: Called Strike
0-1: Ball
1-1: Called Strike
1-2: Ball
2-2: Ball
3-2: Base on Balls
António Gutiérrez to second
Batting: RHB Guillermo González 0-0: Ball
1-0: Ball
2-0: Swinging Strike
2-1: Called Strike
2-2: Ball
3-2: Strikes out swinging
Batting: LHB Ivan Costello 0-0: Foul Ball, location: 2F
0-1: Ball
1-1: Ball
2-1: Ball
3-1: Foul Ball, location: 2F
3-2: Foul Ball, location: 2F
3-2: Foul Ball, location: 2F
3-2: DOUBLE (Groundball, 5L)
António Gutiérrez scores
Guillermo Santos to third
Batting: LHB Seth Sullivan 0-0: Called Strike
0-1: Swinging Strike
0-2: SINGLE (Groundball, 34D)
Guillermo Santos scores
Ivan Costello to third
Batting: LHB Alberto Castellanos 0-0: Ball
1-0: Ball
2-0: SINGLE (Flyball, 89S)
Ivan Costello scores
Seth Sullivan to second
Runner from 2nd tries for 3rd, SAFE, throw made to third
Batting: RHB Rick Holman 0-0: Ball
1-0: Foul Ball, location: 2F
1-1: Ball
2-1: Foul Ball, location: 2F
2-2: Foul Ball, location: 2F
2-2: Strikes out swinging
Batting: LHB Larry Smith 0-0: Swinging Strike
0-1: Foul Ball, location: 2F
0-2: Strikes out looking
Top of the 4th over - 3 runs, 4 hits, 0 errors, 2 left on base; Wilmington 3 - Kingston 1
BOTTOM OF THE 4TH
Kingston Iguanas batting - Pitching for Wilmington Rebels : LHP Tomás Prieto
Batting: LHB Gustavo Gómez 0-0: Called Strike
0-1: Ball
1-1: Fly out, F9 (Flyball, 9S)
Batting: RHB Francisco Martínez 0-0: SINGLE (Line Drive, 4MD)
Batting: RHB Andrés Bustamante 0-0: Ball
1-0: Ball
2-0: Ball
3-0: Foul Ball, location: 2F
3-1: Base on Balls
Francisco Martínez to second
Batting: RHB Sergio Mata 0-0: Called Strike
0-1: Swinging Strike
0-2: Grounds into double play, 4-6-3 (Groundball, 4)
Bottom of the 4th over - 0 runs, 1 hit, 0 errors, 1 left on base; Wilmington 3 - Kingston 1
TOP OF THE 5TH
Wilmington Rebels batting - Pitching for Kingston Iguanas : RHP Edwin Manning
Batting: RHB Pedro Zavala 0-0: Ball
1-0: Ground out 5-3 (Groundball, 56)
Batting: LHB António Gutiérrez 0-0: Swinging Strike
0-1: Ball
1-1: Ball
2-1: Ball
3-1: Foul Ball, location: 2F
3-2: Strikes out looking
Batting: LHB Guillermo Santos 0-0: SOLO HOME RUN (Flyball, 9LD), Distance : 360 ft
Batting: RHB Guillermo González 0-0: SINGLE (Line Drive, 89S)
Batting: LHB Ivan Costello 0-0: Called Strike
0-1: Called Strike
0-2: Ball
1-2: Foul Ball, location: 2F
1-2: SINGLE (Line Drive, 8RS)
Guillermo González to second
Batting: LHB Seth Sullivan 0-0: Ball
1-0: Called Strike
1-1: Foul Ball, location: 2F
1-2: Ball
2-2: Foul Ball, location: 2F
2-2: Fly out, F7 (Flyball, 78S)
Top of the 5th over - 1 run, 3 hits, 0 errors, 2 left on base; Wilmington 4 - Kingston 1
BOTTOM OF THE 5TH
Kingston Iguanas batting - Pitching for Wilmington Rebels : LHP Tomás Prieto
Batting: RHB Manuel Gómez 0-0: Fly out, F9 (Flyball, 9S)
Batting: RHB Argan Kamuliva 0-0: SINGLE (Flyball, 7S)
Batting: RHB Ron Campbell 0-0: Ball
1-0: Called Strike
1-1: Swinging Strike
1-2: Strikes out swinging
Batting: LHB Henry Durham 0-0: Ball
1-0: Fly out, F8 (Flyball, 89S)
Bottom of the 5th over - 0 runs, 1 hit, 0 errors, 1 left on base; Wilmington 4 - Kingston 1
TOP OF THE 6TH
Wilmington Rebels batting - Pitching for Kingston Iguanas : RHP Edwin Manning
Pitching: RHP Rafael Montoya
Batting: LHB Alberto Castellanos 0-0: Called Strike
0-1: Foul Ball, location: 2F
0-2: Ball
1-2: Strikes out swinging
Batting: RHB Rick Holman 0-0: Ball
1-0: Ball
2-0: Ball
3-0: Called Strike
3-1: Foul Ball, location: 2F
3-2: Base on Balls
Batting: LHB Larry Smith 0-0: Ball
1-0: Ball
2-0: Called Strike
2-1: Ball
3-1: Base on Balls
Rick Holman to second
Batting: RHB Pedro Zavala 0-0: Fly out, F7 (Flyball, 78M)
Batting: LHB António Gutiérrez 0-0: Foul Ball, location: 2F
0-1: Ball
1-1: Ball
2-1: Called Strike
2-2: Ball
3-2: Base on Balls
Rick Holman to third
Larry Smith to second
Batting: LHB Guillermo Santos 0-0: Called Strike
0-1: Ball
1-1: Foul Ball, location: 2F
1-2: DOUBLE (Line Drive, 9LM)
Rick Holman scores
Larry Smith scores
António Gutiérrez to third
Runner from 3rd tries for Home, SAFE, no throw
Pitching: RHP Steve Harris
Batting: RHB Guillermo González 0-0: Foul Ball, location: 2F
0-1: Called Strike
0-2: Ball
1-2: Foul Ball, location: 2F
1-2: DOUBLE (Flyball, 78XD)
Guillermo Santos scores
Batting: LHB Ivan Costello 0-0: Ball
1-0: Ball
2-0: Ball
3-0: SINGLE (Groundball, 34D)
Guillermo González to third
Runner from 3rd tries for Home, SAFE, throw made home
Batting: LHB Seth Sullivan 0-0: Ball
1-0: Called Strike
1-1: Called Strike
1-2: Fly out, F7 (Flyball, 78D)
Top of the 6th over - 5 runs, 3 hits, 0 errors, 1 left on base; Wilmington 9 - Kingston 1
BOTTOM OF THE 6TH
Kingston Iguanas batting - Pitching for Wilmington Rebels : LHP Tomás Prieto
Batting: RHB Bob Lee 0-0: Called Strike
0-1: Ball
1-1: Ball
2-1: Foul Ball, location: 2F
2-2: Strikes out swinging
Batting: LHB Gustavo Gómez 0-0: Called Strike
0-1: Ball
1-1: Swinging Strike
1-2: Strikes out swinging
Batting: RHB Francisco Martínez 0-0: Ball
1-0: Called Strike
1-1: Foul Ball, location: 2F
1-2: Strikes out swinging
Bottom of the 6th over - 0 runs, 0 hits, 0 errors, 0 left on base; Wilmington 9 - Kingston 1
TOP OF THE 7TH
Wilmington Rebels batting - Pitching for Kingston Iguanas : RHP Steve Harris
Batting: LHB Alberto Castellanos 0-0: Ground out 4-3 (Groundball, 4)
Batting: RHB Rick Holman 0-0: Ground out 6-3 (Groundball, 6M)
Batting: LHB Larry Smith 0-0: Foul Ball, location: 2F
0-1: Foul Ball, location: 2F
0-2: Foul Ball, location: 2F
0-2: Strikes out swinging
Top of the 7th over - 0 runs, 0 hits, 0 errors, 0 left on base; Wilmington 9 - Kingston 1
BOTTOM OF THE 7TH
Kingston Iguanas batting - Pitching for Wilmington Rebels : LHP Tomás Prieto
Batting: RHB Andrés Bustamante 0-0: Ball
1-0: Ball
2-0: Called Strike
2-1: Ground out 4-3 (Groundball, 4)
Batting: RHB Sergio Mata 0-0: Foul Ball, location: 2F
0-1: Ball
1-1: Ball
2-1: Foul Ball, location: 2F
2-2: Ball
3-2: Base on Balls
Batting: RHB Manuel Gómez 0-0: Called Strike
0-1: Ball
1-1: Foul Ball, location: 2F
1-2: Ball
2-2: Fly out, F7 (Flyball, 7LMF)
Batting: RHB Argan Kamuliva 0-0: Ball
1-0: Fielders Choice at 2nd, 5-4 (Groundball, 56)
Bottom of the 7th over - 0 runs, 0 hits, 0 errors, 1 left on base; Wilmington 9 - Kingston 1
TOP OF THE 8TH
Wilmington Rebels batting - Pitching for Kingston Iguanas : RHP Steve Harris
Batting: RHB Pedro Zavala 0-0: Foul Ball, location: 2F
0-1: Ball
1-1: Foul Ball, location: 2F
1-2: Strikes out swinging
Batting: LHB António Gutiérrez 0-0: Ball
1-0: Ball
2-0: Ball
3-0: Called Strike
3-1: Fly out, F7 (Flyball, 7S)
Batting: LHB Guillermo Santos 0-0: Called Strike
0-1: Foul Ball, location: 2F
0-2: Strikes out swinging
Top of the 8th over - 0 runs, 0 hits, 0 errors, 0 left on base; Wilmington 9 - Kingston 1
BOTTOM OF THE 8TH
Kingston Iguanas batting - Pitching for Wilmington Rebels : LHP Tomás Prieto
Batting: RHB Ron Campbell 0-0: Ball
1-0: Swinging Strike
1-1: Swinging Strike
1-2: SINGLE (Flyball, 89M)
Pitching: RHP William Gallegos
Batting: LHB Henry Durham 0-0: Foul Ball, location: 2F
0-1: Ball
1-1: Ball
2-1: Ball
3-1: Base on Balls
Ron Campbell to second
Batting: RHB Bob Lee 0-0: Ball
1-0: Swinging Strike
1-1: Ball
2-1: Swinging Strike
2-2: Ball
3-2: Fielders Choice at 2nd, 3-6 (Groundball, 34)
Ron Campbell to third
Batting: LHB Gustavo Gómez 0-0: Ball
1-0: Ball
2-0: Fly out, F4 (Popup, 4S)
Batting: RHB Francisco Martínez 0-0: SINGLE (Groundball, 56D)
Ron Campbell scores
Bob Lee to second
Batting: RHB Andrés Bustamante 0-0: Ball
1-0: Ball
2-0: Foul Ball, location: 2F
2-1: Ball
3-1: Base on Balls
Bob Lee to third
Francisco Martínez to second
Batting: RHB Sergio Mata 0-0: Called Strike
0-1: Foul Ball, location: 2F
0-2: Ball
1-2: Ball
2-2: SINGLE (Line Drive, 78M)
Bob Lee scores
Francisco Martínez to third
Andrés Bustamante to second
Batting: RHB Manuel Gómez 0-0: Ball
1-0: Foul Ball, location: 2F
1-1: Swinging Strike
1-2: Strikes out looking
Bottom of the 8th over - 2 runs, 3 hits, 0 errors, 3 left on base; Wilmington 9 - Kingston 3
TOP OF THE 9TH
Wilmington Rebels batting - Pitching for Kingston Iguanas : RHP Steve Harris
Batting: RHB Guillermo González 0-0: Called Strike
0-1: Ball
1-1: Foul Ball, location: 2F
1-2: Strikes out swinging
Batting: LHB Ivan Costello 0-0: Ball
1-0: Ball
2-0: Ball
3-0: Called Strike
3-1: Foul Ball, location: 2F
3-2: Foul Ball, location: 2F
3-2: Ground out 6-3 (Groundball, 6)
Batting: LHB Seth Sullivan 0-0: Called Strike
0-1: Foul Ball, location: 2F
0-2: Ground out 6-3 (Groundball, 6M)
Top of the 9th over - 0 runs, 0 hits, 0 errors, 0 left on base; Wilmington 9 - Kingston 3
BOTTOM OF THE 9TH
Kingston Iguanas batting - Pitching for Wilmington Rebels : RHP William Gallegos
Now at C: Juan Jose Mendoza
Batting: RHB Argan Kamuliva 0-0: Foul Ball, location: 2F
0-1: Ball
1-1: Called Strike
1-2: Foul Ball, location: 2F
1-2: Ball
2-2: Strikes out looking
Batting: RHB Ron Campbell 0-0: Swinging Strike
0-1: Ball
1-1: Swinging Strike
1-2: TRIPLE (Line Drive, 9D)
Pitching: LHP Alan Baca
Batting: LHB Henry Durham 0-0: Called Strike
0-1: Called Strike
0-2: Strikes out swinging
Batting: RHB Bob Lee 0-0: Ball
1-0: Ball
2-0: Ground out 4-3 (Groundball, 4)
Bottom of the 9th over - 0 runs, 1 hit, 0 errors, 1 left on base; Wilmington 9 - Kingston 3
Saturday, April 7th, 2018 - OOTP Baseball 18.8 Build 76